 Dungeon Crawl Stone Soup version 0.31.0-4-g52a2dc7128 (webtiles) character file.

Game seed: 10655698884971023506

67 MollyMolluskus the Shield-Bearer (level 4, -1/31 HPs)
             Began as an Octopode Fighter on Jan 22, 2024.
             Succumbed to Terence's poison
             ... on level 2 of the Dungeon.
             The game lasted 00:02:24 (786 turns).

MollyMolluskus the Shield-Bearer (Octopode Fighter)  Turns: 786, Time: 00:02:25

Health: -1/31      AC:  1    Str: 17    XL:     4   Next: 18%
Magic:  4/4        EV: 13    Int: 10    God:
Gold:   101        SH:  4    Dex: 11    Spells: 3/3 levels left

rFire   . .          .
                       - Unarmed
rCold   . . .        a - +0 buckler
rNeg    . . .        (helmet restricted)
rPois   .            (no amulet)
rElec   .            (no ring)
rCorr   .            (no ring)
SInv    .            (no ring)
Will    .....        (no ring)
Stlth   +++          (no ring)
HPRegen 0.25/turn    (no ring)
MPRegen 0.09/turn    (no ring)
                     (no ring)

%: no passive effects
@: lethally poisoned (-1 -> -11), studying Necromancy
A: almost no armour, amphibious, 8 rings, camouflage 1, gelatinous body 1,
(nimble swimmer 1), tentacles
a: no special abilities


You were on level 2 of the Dungeon.
You visited 1 branch of the dungeon, and saw 2 of its levels.

You collected 101 gold pieces.

Inventory:

Armour
 a - a +0 buckler (worn)
Scrolls
 c - a scroll of teleportation
 f - a scroll of immolation
Potions
 b - a potion of might


   Skills:
 + Level 3.3 Fighting
 + Level 3.3 Dodging
 + Level 1.9 Stealth
 + Level 3.4 Shields
 * Level 3.0 Unarmed Combat


You had 3 spell levels left.
You didn't know any spells.
Your spell library contained the following spells:

 Spells                   Type           Power      Damage    Failure   Level
 Blink                    Tloc           0%         N/A       58%         2
 Lesser Beckoning         Tloc           0%         N/A       58%         2
 Momentum Strike          Conj/Tloc      0%         3d8       58%         2


Dungeon Overview and Level Annotations

Branches:
Dungeon (2/15)

Altars:


Innate Abilities, Weirdness & Mutations

You cannot wear most types of armour.
You are amphibious.
You can wear up to eight rings at the same time.
Your skin changes colour to match your surroundings (Stealth+).
Your rubbery body absorbs attacks. (AC +1, EV +1)
((You are camouflaged when in or above water. (Stealth+)))
You have tentacles for arms and can constrict up to eight enemies at once.


Message History

You constrict Terence.
Terence hits you with a +2 hand axe of venom!
You are poisoned.
You tentacle-slap Terence but do no damage.
Terence is severely wounded.
You constrict Terence, but do no damage.
You feel very sick. Terence closely misses you. x2
Unknown command.
You completely miss Terence.
Terence is severely wounded.
You constrict Terence.
You feel sick.
Terence hits you with a +2 hand axe of venom.
You are lethally poisoned!
Unknown command.
It was a potion of heal wounds.
You feel much better.
You constrict Terence, but do no damage.
You feel very sick.
Terence hits you with a +2 hand axe of venom.
You are lethally poisoned!
You tentacle-slap Terence. Your squeeze misses Terence.
Terence is severely wounded.
You constrict Terence.
You feel very sick.
You tentacle-slap Terence.
You kill Terence!
* * * LOW HITPOINT WARNING * * *
You feel very sick.
Your Unarmed Combat skill increases to level 3!
You have reached level 4!
There is a lethal amount of poison in your body!
* * * LOW HITPOINT WARNING * * *
You feel very sick.
Things that are here:
a +2 hand axe of venom; a +0 scale mail; the human corpse of Terence
Okay, then.
Okay, then.
* * * LOW HITPOINT WARNING * * *
You feel very sick.
You die...

#.# # #.# #.###.#
#.....# #.##..#
#.##..#####
#.........#
....#.#.....########
### #......).@.....#
#.....###.....##.#
####..# #.###.# #...
#.# .# ##.. #.# # #.
#.# #.# #.#


There were no monsters in sight!

Vanquished Creatures
  Terence (D:2)
  2 adders (D:2)
  3 ball pythons
  4 endoplasms (D:1)
  A giant cockroach (D:2)
  3 goblins
  4 hobgoblins
  A frilled lizard (D:2)
  2 kobolds (D:1)
  A rat (D:1)
22 creatures vanquished.

Notes
Turn   | Place    | Note
-------+----------+-------------------------------------------
     0 | D:1      | MollyMolluskus the Octopode Fighter began the quest for the
                  | Orb.
     0 | D:1      | Reached XP level 1. HP: 16/16 MP: 1/1
    93 | D:1      | Reached XP level 2. HP: 21/21 MP: 2/2
   420 | D:1      | Reached skill level 1 in Stealth
   729 | D:2      | Reached XP level 3. HP: 26/26 MP: 3/3
   772 | D:2      | Noticed Terence
   783 | D:2      | Killed Terence
   784 | D:2      | Reached XP level 4. HP: 7/31 MP: 4/4
   785 | D:2      | HP: 1/31 [poisoned by Terence]
   786 | D:2      | Succumbed to Terence's poison

Illustrated notes

Levels and vault maps discovered:
D:1:      dpeg_arrival_erosion, layout_rooms, chequers_arboretum,
          columned_hall_lemuel, palyth_stone_intersect, minmay_door_square
D:2:      layout_basic, shapermc_ecumenical_altar_pompeii,
          kennysheep_another_room, uniq_terence

Skill      XL: |  1  2  3 |
---------------+----------+-----
Stealth        | 1 |  1.9
Unarmed Combat | 3 |  3.0
Fighting       | |  3.3
Dodging        | |  3.3
Shields        | |  3.4

Action                     |  1- 3 |  4- 6 || total
---------------------------+-------+-------++-------
  Melee: Unarmed           |    50 |       ||    50
         Constrict         |    13 |       ||    13
         Tentacles         |    12 |       ||    12
         Punch             |     2 |       ||     2
    Use: Scroll            |     4 |       ||     4
         Potion            |     1 |       ||     1
   Stab: Sleeping          |     7 |       ||     7
 Armour: Skin              |    12 |       ||    12
  Dodge: Dodged            |    16 |       ||    16
  Block: Buckler           |     7 |       ||     7
